[Event "Titled Tuesday Blitz May 31 Late 2022"]
[White "Richter, Nils"]
[Black "Weisz, Bryan"]
[WhiteFideId "12990809"]
[BlackFideId "30934133"]
[WhiteElo "2243"]
[BlackElo "2195"]
[Result "1-0"]
[Round "10"]
[TimeControl "180+1"]
[Date "2022.06.01"]
[WhiteClock "0:00:06"]
[BlackClock "0:00:01"]

1. e4 c5 2. Nf3 Nc6 3. Bb5 d5 4. exd5 Qxd5 5. Nc3 Qe6+ 6. Qe2 Qxe2+ 7. Kxe2 Bg4 8. Bxc6+ bxc6 9. d3 Nf6 10. b3 Nd5 11. Ne4 e6 12. h3 Bxf3+ 13. Kxf3 Nb4 14. Be3 Nxc2 15. Rac1 Nxe3 16. Kxe3 Kd7 17. Nxc5+ Bxc5+ 18. Rxc5 a5 19. Rhc1 Ra6 20. R1c4 Rb8 21. Ra4 Rb5 22. d4 Kd6 23. Rac4 Rxc5 24. Rxc5 a4 25. b4 a3 26. b5 Rb6 27. bxc6 Rxc6 28. Ra5 Rc3+ 29. Kd2 Rc4 30. Rxa3 Rxd4+ 31. Rd3 Kd5 32. Rxd4+ Kxd4 33. Kc2 Kc4 34. Kb2 e5 35. Kc2 f5 36. Kd2 e4 37. Ke3 Kb4 38. Kf4 g6 39. Kg5 Ka3 40. g3 Kxa2 41. h4 Kb3 42. Kh6 Kc3 43. Kxh7 Kd3 44. Kxg6 Ke2 45. h5 Kxf2 46. h6 e3 47. h7 e2 48. h8=Q e1=Q 49. Qh2+ Kf3 50. Kxf5 Qe4+ 51. Kg5 Qg4+ 52. Kf6 Qxg3 53. Qh1+ Qg2 54. Qh5+ Qg4 55. Qd5+ Qe4 56. Qd1+ Qe2 57. Qb3+ Qe3 58. Qb7+ Qe4 59. Qb3+ Qe3 60. Qd5+ Qe4 61. Qd1+ Qe2 62. Qa1 Qe8 63. Qh1+ Kf4 64. Qf1+ Kg4 65. Qg2+ Kf4 66. Qg5+ Kf3 67. Qf5+ Ke3 68. Qc5+ Kf3 69. Qc3+ 1-0


[Site "https://www.chess.com"]

[Event "Titled Tuesday Blitz May 31 Late 2022"]
[White "Shapiro, David"]
[Black "Riehle, Marco"]
[WhiteFideId "24133523"]
[BlackFideId "12904392"]
[WhiteElo "2300"]
[BlackElo "2462"]
[Result "0-1"]
[Round "10"]
[TimeControl "180+1"]
[Date "2022.05.31"]
[WhiteClock "0:00:02"]
[BlackClock "0:00:23"]

1. d4 d5 2. c4 e6 3. Nc3 c5 4. Nf3 cxd4 5. Nxd4 e5 6. Nb3 d4 7. Nd5 Nf6 8. e3 Nxd5 9. cxd5 Qxd5 10. exd4 Nc6 11. dxe5 Bb4+ 12. Bd2 O-O 13. Bxb4 Qxe5+ 14. Qe2 Qxe2+ 15. Bxe2 Nxb4 16. O-O Be6 17. Bf3 Bd5 18. Bxd5 Nxd5 19. Rad1 Nf6 20. Nc5 b6 21. Nd7 Nxd7 22. Rxd7 Rfe8 23. Rc1 Re2 24. Rxa7 Rae8 25. g3 Rxb2 26. Rcc7 Rf8 27. Rcb7 g6 28. Ra6 b5 29. Ra5 Re8 30. Rbxb5 Rc2 31. Rc5 Rb2 32. Rcb5 Rc2 33. Ra4 Re7 34. a3 Ra2 35. Rb3 Kg7 36. h4 h5 37. Rf4 Ra7 38. Rff3 Kg8 39. Kg2 Kg7 40. Rfe3 Ra6 41. Kf3 Rf6+ 42. Ke4 Rfxf2 43. Rf3 Rfe2+ 44. Kd4 Re7 45. Rfe3 Rd7+ 46. Kc5 f6 47. Kc6 Rd1 48. Re7+ Kh6 49. Re6 Rf1 50. Kd7 g5 51. Ke7 Kg6 52. hxg5 Kxg5 53. Rb5+ Kg6 54. Ra5 Rf3 55. Raa6 Raxa3 56. Rxf6+ Rxf6 57. Rxa3 Rf1 58. Ra4 Rf3 59. Ra6+ Kg5 60. Ra5+ Kg4 61. Ke6 Rxg3 62. Ke5 h4 63. Ke4 h3 64. Ra8 h2 65. Rh8 Rg2 66. Rg8+ Kh3 67. Rh8+ Kg3 68. Ke3 Ra2 69. Rg8+ Kh3 70. Rh8+ Kg2 71. Rg8+ Kf1 72. Rh8 Kg1 73. Rg8+ Rg2 0-1


[Site "https://www.chess.com"]

[Event "Titled Tuesday Blitz May 31 Late 2022"]
[White "Shuvalova, Polina"]
[Black "Mikhalsky, Vladimir"]
[WhiteFideId "24171760"]
[BlackFideId "14144352"]
[WhiteElo "2355"]
[BlackElo "2301"]
[Result "1-0"]
[Round "10"]
[TimeControl "180+1"]
[Date "2022.05.31"]
[WhiteClock "0:01:53"]
[BlackClock "0:01:39"]

1. e4 g6 2. d4 Bg7 3. Nc3 d6 4. Be3 a6 5. h4 h5 6. f3 b5 7. Qd2 Nc6 8. O-O-O b4 9. Nd5 a5 10. Bb5 Bd7 11. Nh3 Na7 12. Bxd7+ Qxd7 13. Ng5 Nf6 14. Nxf6+ exf6 15. Nh3 Qa4 16. Kb1 Nb5 17. Qd3 Rb8 18. Ka1 O-O 19. b3 Qa3 20. Bc1 f5 21. Bxa3 Bxd4+ 22. Bb2 Bxb2+ 23. Kxb2 1-0


[Site "https://www.chess.com"]

[Event "Titled Tuesday Blitz May 31 Late 2022"]
[White "Silva, Miguel Antonio Neto"]
[Black "Leitao, Rafael"]
[WhiteFideId "1911929"]
[BlackFideId "2101246"]
[WhiteElo "2204"]
[BlackElo "2609"]
[Result "1/2-1/2"]
[Round "10"]
[TimeControl "180+1"]
[Date "2022.06.01"]
[WhiteClock "0:00:13"]
[BlackClock "0:00:21"]

1. Nf3 Nf6 2. c4 e6 3. g3 d5 4. d4 Bb4+ 5. Bd2 Be7 6. Bg2 O-O 7. O-O Nbd7 8. Qc2 c6 9. Rd1 b6 10. Bf4 Bb7 11. Nbd2 c5 12. Rac1 cxd4 13. cxd5 Bxd5 14. Nxd4 Rc8 15. Qxc8 Qxc8 16. Rxc8 Rxc8 17. Bxd5 Nxd5 18. N2f3 h6 19. Rc1 Rxc1+ 20. Bxc1 Bf6 21. Bd2 a6 22. e4 Nc7 23. b3 Nb5 24. Nxb5 axb5 25. Kf1 Kf8 26. Ke2 Ke8 27. Be3 Kd8 28. Kd3 Kc7 29. b4 e5 30. Bd2 Be7 31. Bc3 Bd6 32. h4 g6 33. Bd2 h5 34. Bc3 f6 35. Nd2 Nb8 36. Nf1 Nc6 37. Ne3 Ne7 38. f4 exf4 39. gxf4 Bxf4 40. Bxf6 Bxe3 41. Kxe3 Nc6 42. Bc3 Kd7 43. Kf4 Ke6 44. Kg5 Kf7 45. a3 Nd8 46. Kf4 Ke6 47. Kg5 Kf7 48. Kf4 Ne6+ 49. Ke5 g5 50. hxg5 Nxg5 51. Kd5 Nf3 52. e5 h4 53. e6+ Ke7 54. Ke4 Ng5+ 55. Kf5 Nxe6 56. Bf6+ Kd6 57. Bxh4 Kd5 58. Bf2 Nd4+ 59. Bxd4 Kxd4 60. Ke6 Kc4 61. Kd6 Kb3 62. Kc6 Kxa3 63. Kxb5 Kb3 64. Kxb6 Kxb4 1/2-1/2


[Site "https://www.chess.com"]

[Event "Titled Tuesday Blitz May 31 Late 2022"]
[White "Sjugirov, Sanan"]
[Black "Wieczorek, Oskar"]
[WhiteFideId "4189302"]
[BlackFideId "1133950"]
[WhiteElo "2602"]
[BlackElo "2330"]
[Result "1-0"]
[Round "10"]
[TimeControl "180+1"]
[Date "2022.05.31"]
[WhiteClock "0:00:08"]
[BlackClock "0:00:05"]

1. e4 c5 2. Nf3 e6 3. d4 cxd4 4. Nxd4 Nf6 5. Nc3 d6 6. g4 e5 7. Bb5+ Bd7 8. Bxd7+ Qxd7 9. Nf5 h5 10. gxh5 Nxh5 11. Nd5 g6 12. Nfe3 Nc6 13. c3 Bh6 14. Qxh5 gxh5 15. Nf6+ Ke7 16. Ned5+ Ke6 17. Nxd7 Kxd7 18. Rg1 Ne7 19. Bxh6 Rxh6 20. Nxe7 Kxe7 21. Ke2 Rg6 22. Rxg6 fxg6 23. Rg1 Kf6 24. h4 Rf8 25. Ke3 Kg7 26. Rd1 Rf6 27. c4 Kf8 28. c5 dxc5 29. Rd5 c4 30. Rxe5 Rb6 31. Rc5 Rxb2 32. Rxc4 Rxa2 33. Rc8+ Kf7 34. Rc7+ Ke6 35. Rxb7 a5 36. Rb6+ Kf7 37. Ra6 a4 38. f3 Ra1 39. Kf4 a3 40. Ke5 a2 41. Ra7+ Kf8 42. f4 Ke8 43. Ke6 Kd8 44. e5 Kc8 45. Ra4 Kc7 46. Kf6 Kc6 47. e6 Kb5 48. Ra8 g5 49. hxg5 h4 50. e7 Re1 51. Rxa2 1-0


[Site "https://www.chess.com"]

[Event "Titled Tuesday Blitz May 31 Late 2022"]
[White "Sliwicki, Damian"]
[Black "Flynn, Jacob"]
[WhiteFideId "1127128"]
[BlackFideId "2509393"]
[WhiteElo "2125"]
[BlackElo "1896"]
[Result "1-0"]
[Round "10"]
[TimeControl "180+1"]
[Date "2022.06.01"]
[WhiteClock "0:00:20"]
[BlackClock "0:00:02"]

1. e4 e5 2. Nf3 Nc6 3. d4 exd4 4. Nxd4 Nf6 5. Nc3 Bb4 6. Nxc6 bxc6 7. Bd3 d5 8. exd5 O-O 9. O-O Bg4 10. f3 Bh5 11. dxc6 Qd4+ 12. Kh1 Bxc3 13. bxc3 Qxc3 14. Rb1 Qxc6 15. Qe1 Rfe8 16. Qh4 Re6 17. Bb2 Bg6 18. Bc4 Rd6 19. Be5 Rd2 20. Bb5 Qxc2 21. Rb2 Qxb2 22. Bxb2 Rxb2 23. Bc6 Rd8 24. h3 h6 25. Be4 Rdd2 26. Rg1 Nxe4 27. fxe4 Rxa2 28. e5 Re2 29. Qc4 Be4 30. e6 Bxg2+ 31. Rxg2 Rxg2 32. e7 Rh2+ 33. Kg1 Rhg2+ 34. Kf1 Rgf2+ 35. Ke1 Kh7 36. e8=Q Rh2 37. Qce4+ f5 38. Qxf5+ g6 39. Qfxg6# 1-0


[Site "https://www.chess.com"]

[Event "Titled Tuesday Blitz May 31 Late 2022"]
[White "Souleidis, Georgios"]
[Black "Wachinger, Guenther"]
[WhiteFideId "4206827"]
[BlackFideId "4604261"]
[WhiteElo "2401"]
[BlackElo "2212"]
[Result "0-1"]
[Round "10"]
[TimeControl "180+1"]
[Date "2022.06.01"]
[WhiteClock "0:00:03"]
[BlackClock "0:00:03"]

1. e4 c5 2. Be2 a6 3. f4 b5 4. d3 Bb7 5. Nh3 e6 6. O-O d5 7. f5 dxe4 8. fxe6 fxe6 9. Ng5 Nf6 10. Nxe6 Qd7 11. Bh5+ Ke7 12. Nxf8 Rxf8 13. Bg5 Qd4+ 14. Kh1 Qd5 15. Bxf6+ Rxf6 16. Rxf6 gxf6 17. Nc3 Qe5 18. dxe4 b4 19. Nd5+ Bxd5 20. exd5 Nd7 21. Bf3 Kd6 22. c3 a5 23. Qd2 Re8 24. h3 Qe3 25. Qc2 Ne5 26. cxb4 Nxf3 27. Qxc5+ Qxc5 28. bxc5+ Kxc5 29. gxf3 Re2 30. Rd1 Kd6 31. Rd3 Rxb2 32. Ra3 Rb5 33. Kg2 Kxd5 34. Kg3 Kc4 35. Re3 Kb4 36. Kf4 a4 37. a3+ Kc4 38. h4 Rd5 0-1


[Site "https://www.chess.com"]

[Event "Titled Tuesday Blitz May 31 Late 2022"]
[White "Swiercz, Dariusz"]
[Black "Eljanov, Pavel"]
[WhiteFideId "1126881"]
[BlackFideId "14102951"]
[WhiteElo "2627"]
[BlackElo "2601"]
[Result "1/2-1/2"]
[Round "10"]
[TimeControl "180+1"]
[Date "2022.05.31"]
[WhiteClock "0:00:09"]
[BlackClock "0:00:22"]

1. e4 c6 2. d4 d5 3. e5 Bf5 4. h4 h5 5. Bd3 Bxd3 6. Qxd3 Qa5+ 7. Nd2 e6 8. Nf3 Nh6 9. O-O Nf5 10. Nb3 Qa6 11. Qd1 c5 12. dxc5 Nd7 13. Bg5 Bxc5 14. c3 Rc8 15. Nbd4 Bxd4 16. Nxd4 Nxd4 17. cxd4 Qb6 18. Be3 Nb8 19. Rc1 Rxc1 20. Qxc1 Nc6 21. Qc3 O-O 22. Rc1 Rc8 23. Qa3 a6 24. g3 Qd8 25. Qb3 Na5 26. Rxc8 Qxc8 27. Qd1 Nc4 28. Bc1 g6 29. b3 Nb6 30. Bd2 Nd7 31. Qc1 Qxc1+ 32. Bxc1 Nb8 33. Bd2 Nc6 34. Bc3 b5 35. Kg2 Kf8 36. Kf3 b4 37. Bb2 a5 38. a4 Ne7 39. Bc1 Nf5 40. Be3 Ke7 41. Ke2 Kd7 42. Kd3 Kc6 43. Bf4 Kd7 44. Bg5 Ke8 45. Bd2 Ne7 46. Be1 Nc6 47. f3 Kf8 48. Bd2 Kg7 49. Bg5 Kf8 50. Bf6 Kg8 51. g4 Kh7 52. Ke3 Kh6 53. Kd3 Kh7 54. Bg5 Kg7 55. Bf4 Kh7 56. Bg5 Kg7 57. Bf6+ Kh7 1/2-1/2


[Site "https://www.chess.com"]

[Event "Titled Tuesday Blitz May 31 Late 2022"]
[White "Tatarinov, Dmitry"]
[Black "Shirov, Alexei"]
[WhiteFideId "24160067"]
[BlackFideId "2209390"]
[WhiteElo "2302"]
[BlackElo "2678"]
[Result "0-1"]
[Round "10"]
[TimeControl "180+1"]
[Date "2022.05.31"]
[WhiteClock "0:01:59"]
[BlackClock "0:02:00"]

1. c4 c6 2. d4 d5 3. e3 Nf6 4. Nf3 Bf5 5. Nc3 e6 6. Nh4 Be4 7. f3 Bg6 8. g3 Nbd7 9. Qb3 Rb8 10. Bd2 dxc4 11. Bxc4 b5 12. Be2 a5 13. Nxg6 hxg6 14. O-O Bd6 15. Kg2 Nd5 16. Rac1 Rxh2+ 17. Kg1 Bxg3 0-1


[Site "https://www.chess.com"]

[Event "Titled Tuesday Blitz May 31 Late 2022"]
[White "Thiel, Thomas"]
[Black "Levine, David"]
[WhiteFideId "4615964"]
[BlackFideId "2011611"]
[WhiteElo "2210"]
[BlackElo "2163"]
[Result "0-1"]
[Round "10"]
[TimeControl "180+1"]
[Date "2022.06.01"]
[WhiteClock "0:00:01"]
[BlackClock "0:00:11"]

1. e4 e5 2. Nf3 Nc6 3. d4 exd4 4. Nxd4 Nf6 5. Nxc6 bxc6 6. Qe2 a5 7. e5 Ba6 8. Qf3 Nd5 9. c4 Nb4 10. Qc3 c5 11. a3 Nc6 12. Be2 Nd4 13. Be3 Qh4 14. Bxd4 cxd4 15. Qf3 Rb8 16. b3 Bb7 17. Qg3 Qxg3 18. hxg3 Bxg2 19. Rh2 Be4 20. Nd2 Bc2 21. Bd1 Bg6 22. Bh5 Bc2 23. Bd1 Bd3 24. Be2 Bf5 25. g4 Bg6 26. f4 f5 27. gxf5 Bxf5 28. Bd1 d6 29. Nf3 dxe5 30. Nxe5 c5 31. Re2 Be7 32. Nc6 Rb7 33. Re5 g6 34. Kd2 a4 35. bxa4 Rc7 36. Bf3 Kf7 37. Bd5+ Kf6 38. Rae1 Bd6 39. Re6+ Bxe6 40. Rxe6+ Kf5 41. Rxd6 Kxf4 42. Rf6+ Kg5 43. Re6 h5 44. Re5+ Kf4 45. Re4+ Kg3 46. Re6 g5 47. Ne7 h4 48. Nf5+ Kg4 0-1


[Site "https://www.chess.com"]

[Event "Titled Tuesday Blitz May 31 Late 2022"]
[White "Tregubov, Pavel V."]
[Black "Petrovic, Aleksa"]
[WhiteFideId "4115341"]
[BlackFideId "967629"]
[WhiteElo "2341"]
[BlackElo "2144"]
[Result "1-0"]
[Round "10"]
[TimeControl "180+1"]
[Date "2022.05.31"]
[WhiteClock "0:01:30"]
[BlackClock "0:00:09"]

1. e4 c5 2. Nf3 e6 3. c3 Nf6 4. e5 Nd5 5. d4 cxd4 6. cxd4 b6 7. Bc4 Bb7 8. O-O Be7 9. Bxd5 Bxd5 10. Nc3 Bc4 11. Re1 Bb4 12. Bg5 Qc8 13. Ne4 h6 14. Bd2 Be7 15. Rc1 Qa6 16. Qc2 b5 17. b3 Ba3 18. bxc4 Bxc1 19. cxb5 Qb6 20. Nd6+ Ke7 21. Rxc1 a5 22. Nc8+ Rxc8 23. Qxc8 Qxb5 24. Qg8 Qd5 25. Rc8 1-0


[Site "https://www.chess.com"]

[Event "Titled Tuesday Blitz May 31 Late 2022"]
[White "Trost, Edvin"]
[Black "Proudian, Armen"]
[WhiteFideId "1729519"]
[BlackFideId "2130734"]
[WhiteElo "2165"]
[BlackElo "2380"]
[Result "1-0"]
[Round "10"]
[TimeControl "180+1"]
[Date "2022.05.31"]
[WhiteClock "0:00:37"]
[BlackClock "0:00:09"]

1. d4 Nf6 2. c4 e6 3. Nc3 Bb4 4. e3 b6 5. Bd3 Bb7 6. Nf3 O-O 7. O-O d5 8. cxd5 exd5 9. Ne5 c5 10. a3 Bxc3 11. bxc3 c4 12. Bc2 Nc6 13. f4 Qc7 14. Rf3 Ne4 15. Rh3 g6 16. Qe1 f5 17. Bxe4 fxe4 18. Nxc6 Bxc6 19. g4 b5 20. Ra2 Rf7 21. Rg2 a5 22. Rh6 Rg7 23. h4 Rb8 24. h5 b4 25. hxg6 Rxg6 26. Rxg6+ hxg6 27. axb4 axb4 28. cxb4 Ra8 29. Bd2 Ra2 30. Rh2 Qg7 31. Qh4 g5 32. Qg3 Ra1+ 33. Kf2 gxf4 34. Qxf4 Be8 35. Rh6 Bg6 36. g5 Qf7 37. Rh4 Qxf4+ 38. Rxf4 Rb1 39. Rf6 Kg7 40. Rd6 Bf7 41. g6 Bg8 42. Ke2 Rb2 43. Kd1 Rb1+ 44. Kc2 Rb3 45. Kc1 Kh6 46. Be1 Kg7 47. Bg3 Rxe3 48. Be5+ Kh6 49. Bf4+ Kg7 50. Bxe3 1-0


[Site "https://www.chess.com"]

[Event "Titled Tuesday Blitz May 31 Late 2022"]
[White "Vasquez Schroeder, Rodrigo"]
[Black "Preotu, Razvan"]
[WhiteFideId "3400042"]
[BlackFideId "2613280"]
[WhiteElo "2567"]
[BlackElo "2407"]
[Result "1-0"]
[Round "10"]
[TimeControl "180+1"]
[Date "2022.05.31"]
[WhiteClock "0:00:10"]
[BlackClock "0:00:02"]

1. e4 c5 2. Nf3 d6 3. d4 cxd4 4. Nxd4 Nf6 5. Nc3 a6 6. Bg5 e6 7. f4 Be7 8. Qf3 Qc7 9. O-O-O Nbd7 10. Bd3 b5 11. Rhe1 Bb7 12. Qg3 b4 13. Nd5 exd5 14. exd5 Kd8 15. Nc6+ Bxc6 16. dxc6 Qxc6 17. Bh4 Rg8 18. Bxh7 Rc8 19. Kb1 Nxh7 20. Bxe7+ Kc7 21. Rxd6 Qb5 22. Red1 Nb6 23. Qh4 Nf6 24. Bxf6 gxf6 25. Qxf6 Kb7 26. Qxf7+ Kb8 27. g3 Rge8 28. b3 Re2 29. Qg6 Kb7 30. R6d2 Rxd2 31. Rxd2 Rc7 32. Qd3 Qc5 33. h4 a5 34. Qf3+ Ka7 35. h5 a4 36. h6 a3 37. Qd3 Qg1+ 38. Rd1 Qc5 39. Kc1 Qf8 40. Qd6 Qc8 41. Qxb4 Rxc2+ 42. Kb1 Rb2+ 43. Ka1 Qc2 44. Qxa3+ Kb7 45. Re1 Rb1+ 46. Rxb1 Nd5 47. Qb2 Qd3 48. Rc1 Nb4 49. Qc3 1-0


[Site "https://www.chess.com"]

[Event "Titled Tuesday Blitz May 31 Late 2022"]
[White "Zeynalli, Rashad"]
[Black "Jovic, Stevan"]
[WhiteFideId "13403320"]
[BlackFideId "923206"]
[WhiteElo "2125"]
[BlackElo "2203"]
[Result "0-1"]
[Round "10"]
[TimeControl "180+1"]
[Date "2022.06.01"]
[WhiteClock "0:00:03"]
[BlackClock "0:00:53"]

1. d4 c6 2. Bf4 d5 3. e3 Nd7 4. Nf3 Ngf6 5. Bd3 e6 6. Nbd2 Be7 7. Ne5 O-O 8. Qf3 b6 9. Nxc6 Qe8 10. Qg3 Nh5 11. Qh3 g6 12. Bh6 Ng7 13. Nxe7+ Qxe7 14. Nf3 e5 15. Qh4 Qb4+ 16. c3 Qxb2 17. O-O e4 18. Ng5 Nf6 19. Rab1 Qxc3 20. Bb5 Nf5 21. Qf4 Nh5 22. Bxf8 Nxf4 23. Bb4 Qc2 24. exf4 Nxd4 25. Rbc1 Ne2+ 26. Bxe2 Qxe2 27. Rc7 Ba6 28. Re1 Qb5 29. a3 Rc8 30. Rxc8+ Bxc8 31. Rc1 Be6 32. g4 Bxg4 33. Bc3 h6 34. h3 Be2 35. Bf6 Bc4 36. Nf3 exf3 37. Re1 Qc6 38. Bd4 Be2 39. Rb1 Qc7 40. Be5 Qc2 41. Rb4 Qd1+ 0-1


[Site "https://www.chess.com"]

[Event "Titled Tuesday Blitz May 31 Late 2022"]
[White "hakki1"]
[Black "Papp, Levente"]
[BlackFideId "751243"]
[WhiteElo "2437"]
[BlackElo "2308"]
[Result "0-1"]
[Round "10"]
[TimeControl "180+1"]
[Date "2022.06.01"]
[WhiteClock "0:00:07"]
[BlackClock "0:00:20"]

1. c4 Nf6 2. Nc3 e6 3. Nf3 d5 4. d4 Bb4 5. cxd5 exd5 6. Bg5 O-O 7. e3 c5 8. Bd3 h6 9. Bxf6 Qxf6 10. O-O Bxc3 11. bxc3 Bg4 12. Be2 Nc6 13. Rb1 Rab8 14. dxc5 Qxc3 15. Qxd5 Rfd8 16. Qc4 Qxc4 17. Bxc4 Bxf3 18. gxf3 Ne5 19. Be2 Rd2 20. Rfe1 Rxa2 21. f4 Nd7 22. c6 bxc6 23. Rxb8+ Nxb8 24. Rb1 Nd7 25. Bf3 c5 26. Rb7 Nb6 27. Rc7 c4 28. h4 g6 29. h5 Kg7 30. hxg6 Kxg6 31. Be4+ Kf6 32. Bf3 Ra3 33. Bh5 c3 34. Rxf7+ Ke6 35. Rc7 Kd6 36. Rh7 c2 37. Rxh6+ Kc7 38. Rh7+ Nd7 0-1


[Site "https://www.chess.com"]

[Event "Titled Tuesday Blitz May 31 Late 2022"]
[White "Al-Tarboush, Ward"]
[Black "Jovic, Stevan"]
[WhiteFideId "7601450"]
[BlackFideId "923206"]
[WhiteElo "2294"]
[BlackElo "2203"]
[Result "1-0"]
[Round "11"]
[TimeControl "180+1"]
[Date "2022.05.31"]
[WhiteClock "0:00:05"]
[BlackClock "0:00:15"]

1. e4 c6 2. Nf3 d5 3. Nc3 Bg4 4. h3 Bh5 5. d4 e6 6. Bd3 Nf6 7. Be3 dxe4 8. Nxe4 Nxe4 9. Bxe4 Qa5+ 10. c3 Nd7 11. O-O Be7 12. b4 Qc7 13. Qd2 O-O 14. Bf4 Bd6 15. Bxd6 Qxd6 16. g4 Bg6 17. Rfe1 Bxe4 18. Rxe4 Nf6 19. Re2 a5 20. bxa5 Rxa5 21. Ne5 Rfa8 22. Nc4 Qc7 23. Nxa5 Qxa5 24. c4 Qa3 25. Rae1 Qxh3 26. Re3 Qxg4+ 27. Rg3 Qf5 28. Re5 Qb1+ 29. Kg2 g6 30. Qf4 Nd7 31. Ree3 Qxa2 32. Qc7 Nf8 33. Qxb7 Ra4 34. Ref3 f5 35. Qxc6 Qxc4 36. Qxc4 Rxc4 37. Rd3 Kf7 38. Kf3 Nd7 39. Ke3 Nf6 40. f4 Nd5+ 41. Kf3 h6 42. Rg1 Kf6 43. Rh1 Kg7 44. Rg1 Nf6 45. Rb1 Ne4 46. d5 exd5 47. Rxd5 Rc7 48. Rb6 Rf7 49. Re5 Rf6 50. Re7+ Kf8 51. Rbb7 g5 52. Rh7 g4+ 53. Kg2 Kg8 54. Rhe7 Nd6 55. Rb8+ Rf8 56. Rb6 Rd8 57. Re6 Nf7 58. Rg6+ Kh7 59. Rgf6 Kg7 60. Rxf5 Rd2+ 61. Kg3 Rd3+ 62. Kxg4 Nd6 63. Re5 Rd4 64. Re6 Nf7 65. Rg6+ Kf8 66. Rgf6 Kg7 67. Rg6+ Kf8 68. Rgf6 Kg7 69. Kf5 Rd7 70. Rg6+ Kh7 71. Rgf6 Kg7 72. Ke4 Re7+ 73. Rfe6 Rd7 74. Rg6+ Kh7 75. Rgc6 h5 76. Kf3 Rd3+ 77. Kg2 Kg7 78. f5 Rd7 79. Rg6+ Kh7 80. Rgf6 Kg7 81. Rg6+ Kh7 82. Rge6 Kg7 83. f6+ Kg6 84. Re3 Rd2+ 85. Kf1 h4 86. Rh3 Kg5 87. Rb7 Kg4 88. Rc3 Ng5 89. f7 Rd1+ 90. Ke2 Rd8 91. Rc4+ Kh5 92. Rc5 Kg6 93. Rc6+ Kh5 94. Rc5 Kg6 95. Rb6+ Kh5 96. Rbb5 Rf8 97. Rxg5+ Kh6 98. Rgf5 Kg6 99. Rg5+ Kh6 100. Rbf5 h3 101. Rg3 h2 102. Rh3+ Kg6 103. Rf2 Rxf7 104. Rxf7 h1=Q 105. Rxh1 1-0


[Site "https://www.chess.com"]

[Event "Titled Tuesday Blitz May 31 Late 2022"]
[White "Avazkhonov, Alikhon"]
[Black "Tregubov, Pavel V."]
[WhiteFideId "14208504"]
[BlackFideId "4115341"]
[WhiteElo "1739"]
[BlackElo "2341"]
[Result "0-1"]
[Round "11"]
[TimeControl "180+1"]
[Date "2022.05.31"]
[WhiteClock "0:00:11"]
[BlackClock "0:01:35"]

1. e4 e5 2. Nf3 Nf6 3. Nxe5 d6 4. Nf3 Nxe4 5. Nc3 Nf6 6. d4 Be7 7. h3 O-O 8. Be3 d5 9. Bd3 c6 10. O-O Re8 11. Ne5 Nbd7 12. f4 Bb4 13. Ne2 Ne4 14. c3 Bf8 15. Bxe4 dxe4 16. Qb3 Qe7 17. Ng3 Nf6 18. Qc2 Nd5 19. Rae1 f6 20. Ng4 Qc7 21. Bc1 e3 22. Nxe3 Nxf4 23. Nd5 Nxd5 24. Rxe8 Qxg3 25. c4 Nc7 26. Qe4 Nxe8 27. Qxe8 Bxh3 0-1


[Site "https://www.chess.com"]

[Event "Titled Tuesday Blitz May 31 Late 2022"]
[White "Balabayeva, Xeniya"]
[Black "Bibasa, Bob"]
[WhiteFideId "13719688"]
[BlackFideId "10000240"]
[WhiteElo "1941"]
[BlackElo "2032"]
[Result "1-0"]
[Round "11"]
[TimeControl "180+1"]
[Date "2022.06.01"]
[WhiteClock "0:00:35"]
[BlackClock "0:01:02"]

1. d4 Nf6 2. Bf4 b6 3. Nf3 Bb7 4. e3 e6 5. Nbd2 Be7 6. Bd3 O-O 7. c3 d6 8. O-O Nbd7 9. Bc2 c5 10. h3 d5 11. Qe2 Ne4 12. Nxe4 dxe4 13. Nd2 Nf6 14. Be5 cxd4 15. exd4 Rc8 16. Nxe4 Nxe4 17. Bxe4 Bxe4 18. Qxe4 Bf6 19. Rfe1 Bxe5 20. Qxe5 Qh4 21. Re4 Qh6 22. Re3 Rcd8 23. c4 Qg6 24. Re4 h5 25. Rc1 Rd7 26. Re3 Rfd8 27. Rg3 Qh6 28. Rd1 g6 29. Rgd3 Qg7 30. Qxg7+ Kxg7 31. f3 Kf6 32. Kf2 e5 33. dxe5+ Ke6 34. Rxd7 Rxd7 35. Rxd7 Kxd7 36. Ke3 Ke6 37. Ke4 Ke7 38. g4 Ke6 39. f4 h4 40. f5+ Ke7 41. Kd5 gxf5 42. gxf5 Kd7 43. e6+ fxe6+ 44. fxe6+ Ke7 45. Ke5 a6 46. b4 1-0


[Site "https://www.chess.com"]

[Event "Titled Tuesday Blitz May 31 Late 2022"]
[White "Beulen, Marcel"]
[Black "Ambartsumova, Karina"]
[WhiteFideId "1001450"]
[BlackFideId "4166299"]
[WhiteElo "2394"]
[BlackElo "2262"]
[Result "0-1"]
[Round "11"]
[TimeControl "180+1"]
[Date "2022.06.01"]
[WhiteClock "0:00:04"]
[BlackClock "0:00:27"]

1. e4 c5 2. Nf3 Nc6 3. Bb5 e6 4. O-O Nge7 5. c3 a6 6. Be2 b5 7. d4 d5 8. exd5 Nxd5 9. a4 b4 10. c4 Nf6 11. Be3 cxd4 12. Nxd4 Nxd4 13. Qxd4 Qxd4 14. Bxd4 Bb7 15. Nd2 O-O-O 16. Nb3 Be7 17. Rfd1 Rd7 18. Bb6 Rxd1+ 19. Rxd1 Bc6 20. Nc5 a5 21. b3 Bxc5 22. Bxc5 Kb7 23. Bd4 Rd8 24. f3 Ne8 25. Kf2 f6 26. Bb2 Rxd1 27. Bxd1 Nd6 28. Bc2 h6 29. Ke3 Kc7 30. g4 Nf7 31. h4 e5 32. Be4 Nd6 33. Bc2 Nb7 34. f4 Kd6 35. g5 hxg5 36. fxg5 fxg5 37. hxg5 Nc5 38. Bd1 Bd7 39. Bc2 Bg4 40. Bc1 Ke6 41. Kf2 Bf5 42. Bd1 Nd3+ 0-1


[Site "https://www.chess.com"]

[Event "Titled Tuesday Blitz May 31 Late 2022"]
[White "Bluebaum, Matthias"]
[Black "Moroni, Luca Jr"]
[WhiteFideId "24651516"]
[BlackFideId "865834"]
[WhiteElo "2556"]
[BlackElo "2573"]
[Result "1-0"]
[Round "11"]
[TimeControl "180+1"]
[Date "2022.05.31"]
[WhiteClock "0:01:03"]
[BlackClock "0:00:02"]

1. d4 d5 2. c4 e6 3. Nc3 Nf6 4. cxd5 exd5 5. Bg5 c6 6. e3 Be6 7. Bd3 Nbd7 8. Bf4 Nb6 9. h3 Bd6 10. Nge2 O-O 11. O-O Re8 12. Qc2 h6 13. Rad1 Rc8 14. Qb1 Bxf4 15. Nxf4 Qd6 16. Rfe1 Re7 17. Nxe6 fxe6 18. e4 e5 19. exd5 Nbxd5 20. Bc4 exd4 21. Rxe7 Qxe7 22. Rxd4 Qe5 23. Bxd5+ Nxd5 24. Nxd5 cxd5 25. Qd1 Rc1 26. Qxc1 Qxd4 27. Qc8+ Kh7 28. Qxb7 Qd1+ 29. Kh2 Qd2 30. Qxa7 d4 31. Qf7 d3 32. a4 Qe2 33. Qc4 Qd1 34. a5 d2 35. Qd3+ Kh8 36. a6 Qc1 37. a7 Qc7+ 38. g3 Qxa7 39. Qxd2 Qb6 40. b4 Kh7 41. Qc2+ Kh8 42. Qb2 Qb5 43. Qd4 Kg8 44. Qc5 Qe2 45. b5 Qb2 46. b6 Kh7 47. Kg2 Qb3 48. Qc6 Kh8 49. b7 Kh7 50. Qe4+ Kg8 51. Qe8+ Kh7 52. b8=Q 1-0


[Site "https://www.chess.com"]

[Event "Titled Tuesday Blitz May 31 Late 2022"]
[White "Bortnyk, Olexandr"]
[Black "Sjugirov, Sanan"]
[WhiteFideId "14120828"]
[BlackFideId "4189302"]
[WhiteElo "2723"]
[BlackElo "2602"]
[Result "1/2-1/2"]
[Round "11"]
[TimeControl "180+1"]
[Date "2022.05.31"]
[WhiteClock "0:00:05"]
[BlackClock "0:00:04"]

1. d4 g6 2. Nc3 Bg7 3. Bf4 d6 4. e3 Nd7 5. h4 h6 6. h5 g5 7. Bg3 Ngf6 8. Bc4 e6 9. Bb3 b6 10. f4 Bb7 11. Qe2 Ne4 12. Nxe4 Bxe4 13. O-O-O a5 14. a4 gxf4 15. exf4 d5 16. Nf3 O-O 17. Ne5 c5 18. Bh4 Qc7 19. Nxd7 Qxd7 20. dxc5 Qc7 21. cxb6 Qxb6 22. Rh3 Rfc8 23. Bf2 Qb4 24. Rd2 Rab8 25. Rg3 Kf8 26. Rxg7 Qxb3 27. Bd4 Qxa4 28. Rd3 Bxd3 29. Qxd3 Rxc2+ 30. Qxc2 Qxd4 31. Rg4 Qg1+ 32. Kd2 Qf2+ 33. Kd1 Qd4+ 34. Kc1 Qg1+ 35. Kd2 Qf2+ 36. Kd1 Qxc2+ 37. Kxc2 Rb4 38. g3 Rc4+ 39. Kd2 a4 40. Rh4 e5 41. Rh1 exf4 42. gxf4 Rxf4 43. Ke3 Re4+ 44. Kd3 Rb4 45. Kc3 Rc4+ 46. Kd3 Ke7 47. Rf1 Rh4 48. Re1+ Kd6 49. Re8 Rxh5 50. Rb8 Rh3+ 51. Kd4 Rh4+ 52. Ke3 Rc4 53. Rb6+ Ke5 54. Rxh6 f5 55. Rh8 f4+ 56. Kf3 Rb4 57. Re8+ Kd4 58. Ra8 Kd3 59. Ra5 d4 60. Kxf4 Kc2 61. Ke4 d3+ 62. Ke3 d2 63. Rc5+ Kxb2 64. Kxd2 a3 65. Rc2+ Kb3 66. Rc3+ Ka4 67. Rc8 a2 68. Kc2 Ka3 69. Ra8+ Ra4 70. Rxa4+ Kxa4 71. Kb2 a1=Q+ 72. Kxa1 1/2-1/2


[Site "https://www.chess.com"]